General information
- name: BNet
- type: Ladder team game (AT/RT)
- host: Battle.net
- saver: bionicman
map: Mur'gulOasis
- players: 8
- length: 22:34
- speed: Fast
- version: 1.26 W3XP
- replay type: Public
» download(172 KB)
Players
team 1 (winner)

»
nsf001 (
teal | 151 APM | 3324 actions | 22:00)
6 Death Knight
3 Death Coil
2 Unholy Aura
1 Animate Dead
» actions
| Assign group hotkey | 202 | |
| Basic commands | 377 | |
| Build / train | 58 | |
| ESC pressed | 6 | |
| Enter build submenu | 30 | |
| Enter hero's abilities submenu | 8 | |
| Give item / drop item | 3 | |
| Right click | 1399 | |
| Select / deselect | 600 | |
| Select group hotkey | 520 | |
| Use ability | 121 | |
3324 total
» units
| Acolyte | 14 | |
| Ghoul | 8 | |
| Crypt Fiend | 7 | |
| Frost Wyrm | 2 | |
31 total
» upgrades
| Creature Attack | 3 | |
| Burrow | 1 | |
| Web | 1 | |
| Creature Carapace | 1 | |
6 total
» buildings
| Crypt | 1 | |
| Altar of Darkness | 1 | |
| Ziggurat | 10 | |
| Graveyard | 1 | |
| Tomb of Relics | 1 | |
| Halls of the Dead | 1 | |
| Spirit Tower | 6 | |
| Sacrificial Pit | 1 | |
| Necropolis | 3 | |
| Black Citadel | 1 | |
| Boneyard | 2 | |
28 total
» build order
00:41 Crypt
00:42 Altar of Darkness
00:47 Ziggurat
01:13 Graveyard
01:37 Ziggurat
01:39 Tomb of Relics
02:47 Ziggurat
04:32 Ziggurat
05:07 Halls of the Dead
05:14 Spirit Tower
07:59 Sacrificial Pit
08:00 Necropolis
09:00 Black Citadel
11:24 Boneyard
11:25 Boneyard
12:13 Necropolis
12:47 Spirit Tower
16:29 Ziggurat
17:54 Necropolis
17:54 Ziggurat
17:54 Ziggurat
17:55 Ziggurat
17:56 Ziggurat
17:56 Ziggurat
19:20 Spirit Tower
19:39 Spirit Tower
20:56 Spirit Tower
» items
| Rod of Necromancy | 2 | |
| Orb of Corruption | 1 | |
| Scroll of Healing | 1 | |
| Scroll of Town Portal | 1 | |
| Potion of Mana | 1 | |
6 total

»
Sk8rDude (
purple | 50 APM | 1104 actions | 22:13)
4 Death Knight
2 Death Coil
1 Death Pact
1 Unholy Aura
2 Lich
1 Frost Nova
1 Dark Ritual
2 Dreadlord
1 Sleep
1 Vampiric Aura
» actions
| Assign group hotkey | 113 | |
| Basic commands | 47 | |
| Build / train | 60 | |
| ESC pressed | 4 | |
| Enter build submenu | 11 | |
| Enter hero's abilities submenu | 8 | |
| Give item / drop item | 1 | |
| Right click | 441 | |
| Select / deselect | 111 | |
| Select group hotkey | 208 | |
| Use ability | 100 | |
1104 total
» units
| Acolyte | 2 | |
| Ghoul | 3 | |
| Crypt Fiend | 9 | |
14 total
» upgrades
| Web | 1 | |
| Burrow | 1 | |
| Creature Attack | 2 | |
4 total
» buildings
| Altar of Darkness | 1 | |
| Crypt | 2 | |
| Ziggurat | 5 | |
| Nerubian Tower | 1 | |
| Graveyard | 1 | |
| Tomb of Relics | 1 | |
| Halls of the Dead | 1 | |
| Black Citadel | 1 | |
| Spirit Tower | 1 | |
14 total
» build order
00:10 Altar of Darkness
00:13 Crypt
00:34 Ziggurat
01:07 Ziggurat
01:35 Nerubian Tower
01:55 Graveyard
02:28 Crypt
02:55 Tomb of Relics
03:52 Halls of the Dead
06:14 Ziggurat
06:17 Ziggurat
09:46 Black Citadel
18:27 Spirit Tower
22:00 Ziggurat
» items
| Dust of Appearance | 2 | |
| Rod of Necromancy | 1 | |
| Healing Salve | 1 | |
| Lesser Clarity Potion | 3 | |
| Potion of Mana | 8 | |
| Scroll of Town Portal | 3 | |
| Potion of Healing | 7 | |
| Orb of Corruption | 1 | |
| Orb of Lightning | 1 | |
27 total
john08 (
orange | 44 APM | 882 actions | 20:14)
5 Blademaster
3 Wind Walk
2 Critical Strike
» actions
| Assign group hotkey | 28 | |
| Build / train | 52 | |
| Enter build submenu | 15 | |
| Enter hero's abilities submenu | 5 | |
| Give item / drop item | 2 | |
| Right click | 353 | |
| Select / deselect | 292 | |
| Select group hotkey | 77 | |
| Use ability | 58 | |
882 total
» units
| Peon | 8 | |
| Grunt | 7 | |
| Raider | 8 | |
| Troll Headhunter/Berserker | 8 | |
31 total
» upgrades
| Armor | 2 | |
| Melee Weapons | 2 | |
| Berserker Strength | 1 | |
| Ensnare | 1 | |
| Berserker Upgrade | 1 | |
7 total
» buildings
| Altar of Storms | 1 | |
| Orc Burrow | 9 | |
| Barracks | 1 | |
| Voodoo Lounge | 1 | |
| War Mill | 1 | |
| Stronghold | 1 | |
| Beastiary | 1 | |
| Fortress | 1 | |
| Tauren Totem | 1 | |
17 total
» build order
00:13 Altar of Storms
00:27 Orc Burrow
00:40 Barracks
01:45 Voodoo Lounge
01:55 Orc Burrow
02:51 War Mill
03:08 Orc Burrow
04:47 Stronghold
04:51 Orc Burrow
06:10 Orc Burrow
07:40 Beastiary
08:24 Fortress
09:46 Orc Burrow
10:46 Orc Burrow
13:44 Tauren Totem
14:17 Orc Burrow
17:33 Orc Burrow
» items
| Lesser Clarity Potion | 2 | |
| Healing Salve | 1 | |
| Scroll of Speed | 1 | |
| Scroll of Town Portal | 2 | |
6 total
TheShepherd (
red | 32 APM | 729 actions | 22:34)
2 Dreadlord
1 Sleep
1 Vampiric Aura
» actions
| Assign group hotkey | 25 | |
| Basic commands | 4 | |
| Build / train | 65 | |
| ESC pressed | 3 | |
| Enter build submenu | 23 | |
| Enter hero's abilities submenu | 2 | |
| Remove unit from queue | 1 | |
| Right click | 319 | |
| Select / deselect | 168 | |
| Select group hotkey | 73 | |
| Use ability | 46 | |
729 total
» units
| Acolyte | 23 | |
| Ghoul | 10 | |
| Crypt Fiend | 3 | |
| Meatwagon | 2 | |
| Obsidian Statue | 2 | |
| Frost Wyrm | 3 | |
43 total
» upgrades
| Unholy Armor | 1 | |
| Creature Carapace | 3 | |
| Creature Attack | 3 | |
| Web | 1 | |
| Exhume Corpses | 1 | |
| Freezing Breath | 1 | |
| Destroyer Form | 1 | |
11 total
» buildings
| Altar of Darkness | 1 | |
| Ziggurat | 9 | |
| Crypt | 1 | |
| Graveyard | 1 | |
| Spirit Tower | 1 | |
| Nerubian Tower | 1 | |
| Halls of the Dead | 1 | |
| Tomb of Relics | 1 | |
| Sacrificial Pit | 1 | |
| Slaughterhouse | 1 | |
| Black Citadel | 1 | |
| Boneyard | 2 | |
21 total
» build order
00:17 Altar of Darkness
00:23 Ziggurat
00:41 Crypt
01:31 Graveyard
02:08 Ziggurat
06:55 Spirit Tower
07:18 Nerubian Tower
08:01 Halls of the Dead
09:47 Tomb of Relics
09:53 Ziggurat
09:58 Ziggurat
11:41 Sacrificial Pit
11:46 Ziggurat
13:22 Slaughterhouse
13:50 Black Citadel
14:18 Ziggurat
14:21 Ziggurat
16:27 Ziggurat
16:46 Ziggurat
20:09 Boneyard
20:18 Boneyard
» items
| Rod of Necromancy | 1 | |
| Scroll of Town Portal | 2 | |
3 total
team 2 (loser)

»
bionicman (
pink | 67 APM | 1517 actions | 22:34)
4 Mountain King
2 Storm Bolt
2 Bash
3 Paladin
2 Holy Light
1 Divine Shield
2 Blood Mage
1 Banish
1 Siphon Mana
» actions
| Assign group hotkey | 40 | |
| Basic commands | 41 | |
| Build / train | 72 | |
| ESC pressed | 2 | |
| Enter build submenu | 23 | |
| Enter hero's abilities submenu | 10 | |
| Give item / drop item | 1 | |
| Right click | 623 | |
| Select / deselect | 327 | |
| Select group hotkey | 290 | |
| Use ability | 88 | |
1517 total
» units
| Footman | 11 | |
| Peasant | 10 | |
| Spell Breaker | 6 | |
| Priest | 1 | |
28 total
» upgrades
| Masonry | 3 | |
| Defend | 1 | |
| Plating | 3 | |
| Magic Sentry | 1 | |
| Swords | 3 | |
11 total
» buildings
| Altar of Kings | 1 | |
| Barracks | 1 | |
| Farm | 9 | |
| Scout Tower | 5 | |
| Arcane Tower | 1 | |
| Lumber Mill | 1 | |
| Arcane Vault | 1 | |
| Guard Tower | 4 | |
| Keep | 1 | |
| Blacksmith | 1 | |
| Arcane Sanctum | 2 | |
| Castle | 1 | |
28 total
» build order
00:07 Altar of Kings
00:13 Barracks
00:39 Farm
02:05 Scout Tower
03:00 Arcane Tower
03:04 Farm
04:01 Lumber Mill
04:39 Scout Tower
05:04 Arcane Vault
05:19 Guard Tower
06:35 Scout Tower
07:08 Guard Tower
07:35 Keep
08:01 Scout Tower
08:38 Guard Tower
09:04 Scout Tower
09:28 Blacksmith
09:36 Guard Tower
09:39 Farm
09:41 Farm
10:19 Arcane Sanctum
10:45 Arcane Sanctum
12:38 Farm
13:20 Castle
14:07 Farm
16:35 Farm
16:41 Farm
16:42 Farm
» items
| Lesser Clarity Potion | 2 | |
| Mechanical Critter | 2 | |
| Scroll of Regeneration | 2 | |
| Potion of Healing | 5 | |
| Scroll of Town Portal | 1 | |
| Staff of Sanctuary | 1 | |
| Orb of Fire | 1 | |
14 total
Smallwoodcorps (
green | 49 APM | 1115 actions | 22:34)
5 Blademaster
3 Wind Walk
2 Critical Strike
» actions
| Assign group hotkey | 5 | |
| Build / train | 57 | |
| Enter build submenu | 18 | |
| Enter hero's abilities submenu | 5 | |
| Give item / drop item | 1 | |
| Right click | 631 | |
| Select / deselect | 325 | |
| Select group hotkey | 6 | |
| Use ability | 67 | |
1115 total
» units
| Peon | 9 | |
| Troll Batrider | 9 | |
| Wind Rider | 8 | |
26 total
» upgrades
| Liquid Fire | 1 | |
| Reinforced Defenses | 1 | |
| Envenomed Spears | 1 | |
| Ranged Weapons | 2 | |
| Armor | 1 | |
6 total
» buildings
| Altar of Storms | 1 | |
| Orc Burrow | 6 | |
| Voodoo Lounge | 1 | |
| War Mill | 1 | |
| Watch Tower | 4 | |
| Stronghold | 3 | |
| Beastiary | 4 | |
| Fortress | 1 | |
21 total
» build order
00:08 Altar of Storms
00:14 Orc Burrow
00:23 Voodoo Lounge
01:08 War Mill
02:23 Watch Tower
02:57 Stronghold
02:57 Stronghold
02:57 Stronghold
03:37 Watch Tower
04:04 Watch Tower
04:35 Orc Burrow
05:39 Beastiary
05:48 Beastiary
06:05 Beastiary
06:50 Beastiary
06:52 Fortress
07:10 Watch Tower
08:09 Orc Burrow
10:54 Orc Burrow
11:19 Orc Burrow
18:28 Orc Burrow
» items
| Healing Salve | 3 | |
| Lesser Clarity Potion | 5 | |
| Scroll of Speed | 1 | |
| Potion of Healing | 1 | |
| Orb of Lightning | 1 | |
| Boots of Speed | 1 | |
| Periapt of Vitality | 1 | |
13 total
Death2Hadji (
blue | 60 APM | 1344 actions | 22:34)
5 Demon Hunter
3 Immolation
2 Evasion
5 Warden
3 Fan of Knives
2 Blink
» actions
| Assign group hotkey | 24 | |
| Build / train | 56 | |
| ESC pressed | 2 | |
| Enter build submenu | 20 | |
| Enter hero's abilities submenu | 10 | |
| Right click | 578 | |
| Select / deselect | 184 | |
| Select group hotkey | 389 | |
| Use ability | 81 | |
1344 total
» units
| Wisp | 11 | |
| Archer | 8 | |
| Hippogryph | 6 | |
| Chimaera | 4 | |
29 total
» upgrades
| Strength of the Moon | 2 | |
| Moon Armor | 2 | |
| Improved Bows | 1 | |
| Hippogryph Taming | 1 | |
| Strength of the Wild | 3 | |
| Reinforced Hides | 2 | |
| Corrosive Breath | 1 | |
12 total
» buildings
| Moon Well | 9 | |
| Altar of Elders | 1 | |
| Ancient of War | 2 | |
| Hunter's Hall | 1 | |
| Tree of Ages | 1 | |
| Ancient of Wonders | 1 | |
| Ancient of Wind | 2 | |
| Tree of Eternity | 1 | |
| Chimaera Roost | 2 | |
| Tree of Life | 1 | |
21 total
» build order
00:19 Moon Well
00:33 Altar of Elders
00:49 Ancient of War
01:36 Moon Well
02:52 Ancient of War
03:33 Moon Well
05:39 Hunter's Hall
06:04 Tree of Ages
06:08 Moon Well
07:31 Moon Well
07:52 Ancient of Wonders
08:38 Ancient of Wind
08:44 Ancient of Wind
09:02 Moon Well
10:15 Moon Well
13:44 Tree of Eternity
13:50 Moon Well
14:53 Moon Well
16:33 Chimaera Roost
16:37 Chimaera Roost
22:06 Tree of Life
» items

»
gonnamakeurage (
yellow | 27 APM | 604 actions | 22:34)
6 Archmage
3 Summon Water Elemental
2 Brilliance Aura
1 Mass Teleport
» actions
| Assign group hotkey | 6 | |
| Basic commands | 50 | |
| Build / train | 48 | |
| Enter build submenu | 27 | |
| Enter hero's abilities submenu | 6 | |
| Right click | 135 | |
| Select / deselect | 178 | |
| Select group hotkey | 114 | |
| Use ability | 40 | |
604 total
» units
» upgrades
| Storm Hammers | 1 | |
| Swords | 3 | |
| Armor | 2 | |
6 total
» buildings
| Farm | 14 | |
| Altar of Kings | 1 | |
| Scout Tower | 5 | |
| Lumber Mill | 1 | |
| Keep | 1 | |
| Guard Tower | 2 | |
| Castle | 1 | |
| Arcane Tower | 2 | |
| Gryphon Aviary | 3 | |
| Blacksmith | 1 | |
| Town Hall | 1 | |
32 total
» build order
01:01 Farm
01:47 Altar of Kings
02:31 Farm
03:13 Scout Tower
03:23 Lumber Mill
03:41 Keep
03:46 Scout Tower
03:52 Guard Tower
04:13 Guard Tower
05:35 Scout Tower
05:36 Scout Tower
06:07 Castle
06:29 Farm
06:31 Farm
06:51 Scout Tower
06:56 Arcane Tower
07:22 Arcane Tower
07:26 Farm
07:31 Farm
08:15 Farm
08:17 Farm
08:30 Gryphon Aviary
08:35 Gryphon Aviary
08:41 Gryphon Aviary
08:49 Farm
08:53 Farm
09:21 Blacksmith
09:35 Farm
09:38 Farm
09:40 Farm
09:42 Farm
16:43 Town Hall
» items
Chat log
(00:02 / All) bionicman: ugh
(00:03 / All) bionicman: Again?
(00:07 / All) nsf001: Hey, yellow.
(00:08 / Allies) gonnamakeurage: ?
(00:16 / All) bionicman: lol he's here too
(00:18 / All) john08: ? pink?
(00:24 / All) Sk8rDude: lol
(00:26 / All) gonnamakeurage: sup teal?
(00:32 / All) nsf001: Nothing.
(00:32 / All) nsf001: I'm red.
(00:34 / All) nsf001: From last game!
(00:42 / All) Sk8rDude: im teal from last game!
(00:46 / All) gonnamakeurage: the game where orange TK'd me?
(00:51 / All) bionicman: oh
(00:52 / All) john08: im the creeps from the last game
(00:53 / All) bionicman: did that happen?
(00:55 / All) bionicman: lol
(00:57 / All) nsf001: Uh, did it?
(00:57 / All) gonnamakeurage: yeah
(01:03 / All) bionicman: I wasn't paying attention
(01:06 / All) gonnamakeurage: it's why I left
(01:07 / All) bionicman: I dont' even remember what color I was
(01:21 / All) nsf001: Go fuck yourself, clown.
(01:58 / All) bionicman: put that tower up real fast
(02:07 / All) nsf001: why
(02:09 / All) Sk8rDude: hell yeah
(02:33 / All) bionicman: really?
(02:38 / All) nsf001: what
(02:39 / All) bionicman: for a peasanT?
(02:44 / All) john08: really red?
(02:47 / All) bionicman: lol
(02:59 / All) Sk8rDude: what did he do
(03:06 / All) nsf001: I have no idea what's going on here.
(03:10 / All) bionicman: he tped to orange
(03:13 / All) bionicman: Just to kill my scout peasant
(03:22 / All) Sk8rDude: palmface irl
(03:23 / All) nsf001: That can't be for real.
(03:24 / All) bionicman: and then green
(03:27 / All) bionicman: just killed all his workesr
(03:30 / All) bionicman: in his absence
(03:42 / All) Smallwoodcorps: lies.
(03:53 / All) bionicman: It's true
(04:07 / All) bionicman: most of them anyway
(04:12 / All) nsf001: Alright red, you have about two minutes to figure out your act or I'm winning the game without you and taking your mine.
(04:13 / All) Smallwoodcorps: seven now.
(04:14 / All) bionicman: i thoguht itw as five
(04:15 / All) bionicman: oh
(04:25 / All) bionicman: lol
(05:07 / All) bionicman: Hah
(05:14 / All) Sk8rDude: this games been out for what, 10 years?
(05:14 / All) bionicman: i made oyu have to move that crypt fiend OUT OF THE WAY
(05:16 / All) bionicman: OWNED
(05:18 / All) nsf001: lol
(05:23 / All) Sk8rDude: people still havent figured out how to counter a bm rush?
(06:08 / All) bionicman: oh
(06:09 / All) bionicman: nice one
(06:14 / All) bionicman: applause
(06:15 / All) bionicman: for that one
(06:21 / All) nsf001: Yeah, I felt dirty doing thatr.
(06:25 / All) bionicman: lol
(06:40 / All) nsf001: I'm sorry, sorry, sorry.
(06:48 / All) bionicman: it's fine
(06:50 / All) Sk8rDude: FROST
(06:51 / All) Sk8rDude: TOWER
(06:52 / All) nsf001: <3
(06:52 / All) Sk8rDude: NOW
(06:53 / All) Sk8rDude: IDIPOT
(06:54 / All) bionicman: but it sure was a rotten way to die
(06:57 / All) nsf001: lol
(07:01 / All) nsf001: This game is great.
(07:05 / All) nsf001: I love you all.
(07:06 / All) Sk8rDude: and he STILL isnt making one
(07:06 / All) bionicman: yeah
(07:12 / All) Sk8rDude: now he makes a spirit tower
(07:13 / Allies) gonnamakeurage: get his BM
(07:14 / All) Sk8rDude: LOL
(07:16 / All) bionicman: lol
(07:21 / All) bionicman: they're more expensive
(07:22 / All) bionicman: they must be better
(07:26 / All) bionicman: That's the way it is
(07:28 / All) bionicman: in wintermaul
(07:30 / All) nsf001: Be nice.
(07:41 / All) Sk8rDude: no shop
(07:45 / All) Sk8rDude: lol i cnat buy more dust
(07:46 / All) Sk8rDude: sigh
(07:52 / All) bionicman: finally he makes on
(07:53 / All) bionicman: e
(08:16 / All) nsf001: yo guys i forgot how to macro and micro at the same time
(09:05 / All) nsf001: sunshine
(09:06 / All) nsf001: lolipops
(09:07 / All) nsf001: and
(09:08 / All) nsf001: rainbows
(09:09 / All) nsf001: everywhere
(09:52 / All) bionicman: scout necro?
(10:00 / All) nsf001: Something like that.
(10:02 / Allies) gonnamakeurage: lol
(10:47 / All) nsf001: So, is anyone other than me, pink, or purple, playing the game?
(10:54 / All) gonnamakeurage: no
(10:59 / All) bionicman: Doesn't look like it
(11:10 / All) bionicman: well
(11:12 / All) bionicman: Green and blue are
(11:22 / All) bionicman: i don't think yellow has moved his hero since it came out of his altar
(11:26 / All) nsf001: lol
(11:29 / All) bionicman: or made a signle unit yet
(11:39 / Allies) bionicman: i know
(11:42 / Allies) bionicman: but we don't ahve to tell them that
(11:43 / Allies) bionicman: let it be a surprise
(11:47 / Allies) gonnamakeurage: stop lying!
(11:50 / Allies) bionicman: well
(11:52 / Allies) bionicman: at the time i said it
(11:53 / All) gonnamakeurage: my name is my mission
(11:55 / Allies) bionicman: you really didn't have units
(11:56 / Allies) gonnamakeurage: i know...
(12:03 / Allies) bionicman: ah
(12:47 / Allies) gonnamakeurage: you don't really think we can do that with archers do we?
(12:58 / Allies) Death2Hadji: hippos genius
(13:03 / Allies) bionicman: nice green
(13:31 / Allies) gonnamakeurage: nvm
(13:33 / Allies) Death2Hadji: so hard
(13:36 / Allies) gonnamakeurage: we win
(13:40 / Allies) bionicman: k
(13:54 / All) nsf001: I hope it was worth it.
(14:48 / Allies) bionicman: let's clear those other mines
(15:14 / Allies) gonnamakeurage: you ok?
(15:24 / All) nsf001: I hope that was worth it, green.
(15:29 / All) Smallwoodcorps: yep
(15:30 / All) Smallwoodcorps: was
(15:44 / All) nsf001: 16 Bats for two Wyrms and 50% health on a Citadel?
(15:51 / All) bionicman: lol
(15:53 / All) bionicman: did he do that/
(15:57 / All) nsf001: Yes.
(15:57 / All) bionicman: damn
(16:04 / All) Smallwoodcorps: not that much of a duff
(16:06 / All) nsf001: No, I'm comparing it to the cost of sixteen, which was your army.
(16:12 / All) Smallwoodcorps: Plus frostys give a lot more exp
(16:13 / All) Smallwoodcorps: 16?
(16:14 / All) Smallwoodcorps: no
(17:33 / All) bionicman: never seen necs used lik thsi
(17:48 / Allies) bionicman: kill
(17:49 / Allies) gonnamakeurage: comiong
(17:50 / Allies) bionicman: the wyrms
(17:50 / Allies) bionicman: leu
(17:55 / Allies) gonnamakeurage: dismount
(18:00 / Allies) gonnamakeurage: unmount
(18:04 / Allies) bionicman: nah
(18:08 / Allies) bionicman: might as well keep them like that for no
(18:31 / Allies) bionicman: back
(18:32 / Allies) bionicman: yelloow
(18:33 / Allies) bionicman: kill teals base
(20:37 / Allies) bionicman: press in
(20:38 / Allies) bionicman: we can kill
(21:31 / All) nsf001: Legendary awesome bad game.
(21:41 / All) bionicman: k
(21:53 / All) nsf001: Yeah.
(21:55 / All) nsf001: All I'm gonna say on that.
(21:57 / All) nsf001: I'll be back later.
(21:58 / All) nsf001: lol
(21:59 / All) nsf001: Have fun.
(22:01 / All) bionicman: lol
(22:02 / All) bionicman: ok
(22:11 / Allies) bionicman: kill oranges base now